 Dungeon Crawl Stone Soup version 0.29.1-15-g9cfb28693d (webtiles) character file.

Game seed: 9074085904871510819

50 jtron the Chopper (level 3, 0/26 HPs)
             Began as a Gnoll Wanderer on Mar 21, 2023.
             Succumbed to a kobold's poison
             ... on level 2 of the Dungeon.
             The game lasted 00:02:00 (1477 turns).

jtron the Chopper (Gnoll Wanderer)                  Turns: 1477, Time: 00:02:00

Health: 0/26       AC:  3    Str: 10    XL:     3   Next: 79%
Magic:  4/4        EV: 13    Int:  9    God:
Gold:   64         SH:  0    Dex: 16    Spells: 4/4 levels left

rFire   . . .      SeeInvis .   a - +2 hand axe
rCold   . . .      Faith    .   (no shield)
rNeg    . . .      Spirit   .   e - +0 robe
rPois   .          Reflect  .   (no helmet)
rElec   .          Harm     .   (no cloak)
rCorr   .          Rampage  .   (no gloves)
Will    .....                   c - +0 pair of boots
Stlth   +++.......              (no amulet)
HPRegen 0.08/turn               (no ring)
MPRegen 0.09/turn               (no ring)

@: mighty, lethally poisoned (0 -> -2)
A: fangs 1, strong nose, distributed training
a: no special abilities


You were on level 2 of the Dungeon.
You visited 1 branch of the dungeon, and saw 2 of its levels.

You collected 64 gold pieces.

Inventory:

Hand Weapons
 a - a +2 hand axe (weapon)
 b - a +0 short sword
Missiles
 g - 17 stones (quivered)
Armour
 c - a +0 pair of boots (worn)
 e - a +0 robe (worn)
Scrolls
 h - a scroll of poison {unknown}
 i - a scroll of teleportation {unknown}
 j - a scroll of fog {unknown}
 k - 2 scrolls of identify {unknown}
Potions
 d - a potion of curing
 f - 2 potions of mutation {unknown}
 l - 2 potions of might
 m - a potion of heal wounds {unknown}
 n - 2 potions of berserk rage {unknown}
 o - a potion of resistance {unknown}


   Skills:
 + Level 1.0 Fighting
 + Level 2.6 Short Blades
 + Level 1.0 Long Blades
 + Level 6.5 Axes
 + Level 1.0 Maces & Flails
 + Level 1.0 Polearms
 + Level 1.0 Staves
 + Level 1.0 Ranged Weapons
 + Level 1.0 Throwing
 + Level 1.0 Armour
 + Level 2.6 Dodging
 + Level 6.0 Stealth
 + Level 1.0 Shields
 + Level 1.0 Unarmed Combat
 + Level 1.0 Spellcasting
 + Level 0.7 Conjurations
 + Level 0.7 Hexes
 + Level 0.7 Summonings
 + Level 0.7 Necromancy
 + Level 0.7 Translocations
 + Level 0.7 Transmutations
 + Level 0.7 Fire Magic
 + Level 0.7 Ice Magic
 + Level 0.7 Air Magic
 + Level 0.7 Earth Magic
 + Level 0.7 Poison Magic
 + Level 1.0 Invocations
 + Level 4.6 Evocations


You had 4 spell levels left.
You didn't know any spells.
Your spell library contained the following spells:

 Spells                   Type           Power      Damage    Failure   Level
 Freeze                   Ice            4%         1d3       28%         1
 Wereblood                Tmut           1%         N/A       38%         2
 Ozocubu's Refrigeration  Ice            0%         4d7       100%        7


Dungeon Overview and Level Annotations

Branches:
Dungeon (2/15)

Altars:
Uskayaw


Innate Abilities, Weirdness & Mutations

You have very sharp teeth.
Your uncanny sense of smell can sniff out nearby items.
Your experience applies equally to all skills.


Message History

You hit the hobgoblin.
The kobold hits you with a +0 short sword of venom.
You are lethally poisoned!
The hobgoblin barely misses you.
You are too injured to fight recklessly!
You are too injured to fight recklessly!
You are too injured to fight recklessly!
You are too injured to fight recklessly!
You are too injured to fight recklessly!
You are too injured to fight recklessly!
You are too injured to fight recklessly!
You are too injured to fight recklessly!
You are too injured to fight recklessly!
You are too injured to fight recklessly!
You are too injured to fight recklessly!
You are too injured to fight recklessly!
You are too injured to fight recklessly!
You are too injured to fight recklessly!
You are too injured to fight recklessly!
You are too injured to fight recklessly!
You feel very sick.
* * * LOW HITPOINT WARNING * * *
You feel very sick. The hobgoblin attacks as you move away!
The hobgoblin closely misses you.
* * * LOW HITPOINT WARNING * * *
You feel sick. The hobgoblin attacks as you move away!
The hobgoblin barely misses you.
* * * LOW HITPOINT WARNING * * *
You feel sick.
* * * LOW HITPOINT WARNING * * *
You feel sick.
* * * LOW HITPOINT WARNING * * *
You feel sick. The kobold attacks as you move away!
The kobold hits you with a +0 short sword of venom.
* * * LOW HITPOINT WARNING * * *
x2 You feel sick.
It was a potion of might.
You feel very mighty all of a sudden.
You die...

#...# #### ## #...######## #..
.# ####..........# #.# .###.##
##.........###.#
###.###..?.... ...........#
#.###.............
##.........#
#...............## ####...####
#.....g.........# ##
##...######.###g#.....#...#
.###............@K.#.###.#...#
.....#####.....#####.# .# ..#
..#### #.###.# #.# .# .# ##.##
# #.# #!. .# .. ###.######.
..# ### ###|.......
.##.##.###. .#.## .# ..## .#


You could see a hobgoblin, a goblin and a kobold.

Vanquished Creatures
  2 adders (D:2)
  A dart slug (D:2)
  3 ball pythons
  3 endoplasms (D:1)
  A giant cockroach (D:2)
  5 hobgoblins
  4 bats (D:1)
  3 goblins (D:1)
  3 kobolds
  4 rats
29 creatures vanquished.

Notes
Turn   | Place    | Note
-------+----------+-------------------------------------------
     0 | D:1      | jtron the Gnoll Wanderer began the quest for the Orb.
     0 | D:1      | jtron set off with the following items: a +2 hand axe, a +0
                  | short sword, a +0 pair of boots, a potion of curing, a +0
                  | robe.
     0 | D:1      | Reached XP level 1. HP: 13/13 MP: 1/1
   361 | D:1      | Reached XP level 2. HP: 19/19 MP: 2/2
  1161 | D:2      | Reached XP level 3. HP: 21/25 MP: 2/4
  1169 | D:2      | Got the Volume of Transmigration and the Iceberg
  1209 | D:2      | Reached skill level 1 in Invocations
  1234 | D:2      | Found a hide-covered altar of Uskayaw.
  1419 | D:2      | Reached skill level 1 in Fighting
  1419 | D:2      | Reached skill level 1 in Long Blades
  1419 | D:2      | Reached skill level 1 in Maces & Flails
  1419 | D:2      | Reached skill level 1 in Polearms
  1419 | D:2      | Reached skill level 1 in Staves
  1419 | D:2      | Reached skill level 1 in Ranged Weapons
  1419 | D:2      | Reached skill level 1 in Throwing
  1419 | D:2      | Reached skill level 1 in Armour
  1419 | D:2      | Reached skill level 1 in Shields
  1419 | D:2      | Reached skill level 1 in Unarmed Combat
  1419 | D:2      | Reached skill level 1 in Spellcasting
  1476 | D:2      | HP: 1/26 [poisoned by a kobold]
  1477 | D:2      | Succumbed to a kobold's poison

Illustrated notes

Levels and vault maps discovered:
D:1:      dpeg_arrival_round_c, layout_rooms, minmay_misc_feat_rows,
          minmay_octomino_c4
D:2:      layout_loops_ring, basic_altar

Skill      XL: |  1  2  3 |
---------------+----------+-----
Stealth        | 6 |  6.0
Invocations    | 1 |  1.0
Fighting       | 1 |  1.0
Long Blades    | 1 |  1.0
Maces & Flails | 1 |  1.0
Polearms       | 1 |  1.0
Staves         | 1 |  1.0
Ranged Weapons | 1 |  1.0
Throwing       | 1 |  1.0
Armour         | 1 |  1.0
Shields        | 1 |  1.0
Unarmed Combat | 1 |  1.0
Spellcasting   | 1 |  1.0
Short Blades   | |  2.6
Axes           | |  6.5
Dodging        | |  2.6
Conjurations   | |  0.7
Hexes          | |  0.7
Summonings     | |  0.7
Necromancy     | |  0.7
Translocations | |  0.7
Transmutations | |  0.7
Fire Magic     | |  0.7
Ice Magic      | |  0.7
Air Magic      | |  0.7
Earth Magic    | |  0.7
Poison Magic   | |  0.7
Evocations     | |  4.6

Action                   || total
-------------------------++-------
Melee: Hand axe          ||    78
       Bite              ||     4
       Punch             ||     1
Throw: Stone             ||     1
  Use: Potion            ||     1
 Stab: Sleeping          ||     6
Armor: Robe              ||    13
Dodge: Dodged            ||    46
